[Event "Late-Titled-Tuesday-Blitz-April-30-2024"]
[Site "Chess.com"]
[Date "2024.04.30"]
[Round "1"]
[White "Cayse"]
[Black "MeisterJabo"]
[Result "1-0"]
[WhiteElo "2813"]
[BlackElo "2452"]
[TimeControl "180+1"]
[EndTime "14:08:13 PDT"]
[Termination "Cayse won by resignation"]

1. e4 e5 2. Nf3 Nf6 3. Nxe5 d6 4.
Nf3 Nxe4 5. d3 Nf6 6. d4 d5 7.
Bd3 Bd6 8. O-O O-O 9. c4 c6 10.
Nc3 dxc4 11. Bxc4 Bf5 12. Bg5 h6 13. Bh4 Be7 14. a4 Nbd7 15. Re1 Nb6 16. Ba2 Re8 17. Ne5 Nbd5 18. Qf3 Be6 19. Bxf6 Bxf6 20. Ne4 Be7 21. Nc5 Bxc5 22. dxc5 Qf6 23. a5 Qxf3 24. Nxf3 Nb4 25.
Bxe6 Rxe6 26. Rxe6 fxe6 27. Rd1 Na6 28. Rd7 Nxc5 29. Rc7 Rd8 30. h4 Rd7 31. Rc8+ Kh7 32. h5 Nd3 33. g4 g6 34. hxg6+ Kxg6 35. a6 Kf6 36. b3 Nc5 37. axb7 Rxb7 38. Rxc6 Nxb3 39.
Ra6 Nc5 40. Rc6 Nb3 41. Kg2 a5 42. Ra6 Rb5 43. Kg3 Rd5 44. Ra7 Rd3 45. Kf4 Rd5 46. Rh7 Kg6 47. Rb7 a4 48. Ne5+ Rxe5 49. Kxe5 Kg5 50.
Rb4 Nc5 51. f4+ Kxg4 52. f5+ Kg5 53. fxe6 Nd3+ 54. Kd6 Nxb4 55. e7 a3 56. e8=Q a2 57.
Qe5+ Kg4 58. Qc3 Kf5 59. Kc5 Kg5 60. Kxb4 a1=Q 61. Qxa1 h5 62. Qg1+ 1-0

[Event "Late-Titled-Tuesday-Blitz-April-30-2024"]
[Site "Chess.com"]
[Date "2024.04.30"]
[Round "1"]
[White "zacachess"]
[Black "MKlose11"]
[Result "0-1"]
[WhiteElo "2334"]
[BlackElo "2634"]
[TimeControl "180+1"]
[EndTime "14:08:13 PDT"]
[Termination "MKlose11 won on time"]

1. e4 e6 2. d4 d5 3. Nc3 Bb4 4. Ne2 dxe4 5. a3 Bxc3+ 6. Nxc3 Nc6 7. Bf4 Qxd4 8. Nb5 Qxd1+ 9. Rxd1 e5 10. Nxc7+ Ke7 11.
Bg5+ f6 12. Be3 Rb8 13. b4 b6 14. Bc4 Bb7 15. Nd5+ Ke8 16. Nc7+ Ke7 17. Nd5+ Kf8 18. Nc3 Nge7 19. Nxe4 Nd4 20. Bxd4 Bxe4 21. Be3 Rc8 22. Be6 Ra8 23. c4 Nf5 24. Rd7 Nxe3 25. fxe3 Bg6 26.
Ke2 Re8 27. Bh3 Re7 28. Rhd1 Bh5+ 29. g4 Be8 30. Rd8 Kf7 31. Bg2 h5 32. Bd5+ Kg6 33. Rg1 h4 34. h3 Kh7 35. Be4+ Kh6 36. Rgd1 Rf8 37. R1d6 Rff7 38. Rb8 g6 39. Rdd8 Rf8 40. Bc6 Bxc6 41. Rxf8 Kg5 42. Rfc8 Bg2 43. c5 Bxh3 44. c6 Bxg4+ 45. Kf2 Bxc8 46. Rxc8 b5 47. e4 f5 48. c7 fxe4 49. Ke3 Rh7 50. Kxe4 h3 51. Kd5 h2 52.
Kd6 h1=Q 53. Rh8 Rxh8 0-1

[Event "Late-Titled-Tuesday-Blitz-April-30-2024"]
[Site "Chess.com"]
[Date "2024.04.30"]
[Round "1"]
[White "mjelcic"]
[Black "Doomfist26"]
[Result "1/2-1/2"]
[WhiteElo "2344"]
[BlackElo "2628"]
[TimeControl "180+1"]
[EndTime "14:08:14 PDT"]
[Termination "Game drawn - insufficient material"]

1. d4 Nf6 2. c4 g6 3. Nc3 Bg7 4. e4 d6 5. Nf3 O-O 6. Be2 e5 7. dxe5 dxe5 8. Bg5 c6 9. Qxd8 Rxd8 10. Nxe5 Re8 11.
f4 h6 12. Bh4 g5 13. fxg5 hxg5 14. Bg3 Nxe4 15. Nxe4 Bxe5 16. Bxe5 Rxe5 17. Nc3 Na6 18.
O-O Be6 19. Rad1 Nb4 20. a3 Nc2 21. Rd2 Ne3 22. Rf6 Kg7 23. Rf3 Nxc4 24. Bxc4 Bxc4 25. Rd7 Rb8 26. Kf2 a5 27. Re3 Rf5+ 28. Kg3 Kg6 29.
Ree7 b5 30. Ne4 Be6 31. Rc7 b4 32. Nd6 Rd5 33. Nxf7 Bxf7 34. Rxf7 bxa3 35. bxa3 Rb3+ 36. Rf3 Rxf3+ 37. gxf3 Rc5 38. a4 Rc4 39. Kf2 Kf5 40. Kg3 Ke5 41. h3 Kd6 42. Rg7 Rxa4 43. Rg6+ Kc7 44.
Rxg5 Ra1 45. h4 a4 46. h5 a3 47. Ra5 Kb6 48. Ra8 c5 49. h6 Rh1 50. Rxa3 Rxh6 51.
f4 c4 52. f5 Kc5 53. Kf4 Kb4 54. Ra8 Rc6 55. Ra1 Kb3 56. Rf1 c3 57. Kg5 c2 58. f6 Rc7 59. Kg6 c1=Q 60. Rxc1 Rxc1 61. f7 Rg1+ 62. Kf6 Rf1+ 63. Ke7 Re1+ 64. Kf6 Rf1+ 65.
Kg7 Kc4 66. f8=Q Rxf8 67. Kxf8 1/2-1/2

[Event "Late-Titled-Tuesday-Blitz-April-30-2024"]
[Site "Chess.com"]
[Date "2024.04.30"]
[Round "1"]
[White "Bykov_Egor"]
[Black "schachlana"]
[Result "1/2-1/2"]
[WhiteElo "2627"]
[BlackElo "2345"]
[TimeControl "180+1"]
[EndTime "14:08:19 PDT"]
[Termination "Game drawn - insufficient material"]

1. e4 c5 2. Nf3 e6 3. d4 cxd4 4. Nxd4 a6 5. c4 g6 6. Nc3 Bg7 7. Be3 Ne7 8. Qd2 Nbc6 9. Nc2 d6 10.
Rd1 O-O 11. Qxd6 Qa5 12. Qa3 Bxc3+ 13. Qxc3 Qxc3+ 14. bxc3 Ne5 15. f4 Ng4 16. Bc5 Re8 17. Be2 Nf6 18. Bf3 Nc6 19. Ke2 e5 20. Rd6 Be6 21. f5 Bxc4+ 22. Kf2 Kg7 23. g4 h6 24. h4 g5 25. hxg5 hxg5 26. Be3 Rad8 27. Rxd8 Rxd8 28. Bxg5 Bxa2 29. Be3 Rd3 30. g5 Nd7 31.
Ra1 Bc4 32. Bg4 Rd6 33. f6+ Kg8 34. Rh1 Nxf6 35. gxf6 Rxf6+ 36. Ke1 Rg6 37. Bf5 Rg3 38. Rg1 Rxg1+ 39. Bxg1 Bd3 40. Nb4 Bb1 41. Nxc6 bxc6 42. Kd2 a5 43. Bc5 a4 44. Ke3 Kg7 45. Bd7 Kg6 46. Bxc6 f5 47. exf5+ Kxf5 48. Bxa4 e4 49. Bd7+ Ke5 50. Bd4+ Kd5 51. Be8 Bd3 52. Bf7+ Kd6 53.
Bg6 Kd5 54. Bf7+ Kd6 55. c4 Kc6 56. Bd5+ Kd6 57. Bxe4 Bxc4 58. Kd2 Bd5 59. Kc3 Bxe4 1/2-1/2

[Event "Late-Titled-Tuesday-Blitz-April-30-2024"]
[Site "Chess.com"]
[Date "2024.04.30"]
[Round "1"]
[White "Abund"]
[Black "ExchangeAB"]
[Result "1-0"]
[WhiteElo "2785"]
[BlackElo "2439"]
[TimeControl "180+1"]
[EndTime "14:08:21 PDT"]
[Termination "Abund won by resignation"]

1. e4 c6 2. d4 d5 3. exd5 cxd5 4. Bd3 Nf6 5. h3 Nc6 6. c3 g6 7. Nf3 Bf5 8. O-O Bxd3 9. Qxd3 Bg7 10. Bf4 Ne4 11.
Nbd2 Nxd2 12. Qxd2 O-O 13. Rfe1 e6 14. Re2 b5 15. Ne1 b4 16. Nd3 bxc3 17. bxc3 Na5 18.
Rb1 Nc4 19. Qd1 Qa5 20. Rb3 Rfc8 21. h4 h5 22. Nc5 Rxc5 23. dxc5 Qxc5 24. Qd3 a5 25.
Rb7 Qc6 26. Rb1 Rc8 27. Rb8 Rxb8 28. Bxb8 Qb5 29. Bg3 a4 30. Kh2 Qa5 31. Rc2 a3 32. Bf4 Qd8 33. g3 Qc8 34. Be3 Qc6 35. Qe2 Ne5 36. Bd4 Ng4+ 37. Kg1 e5 38. Be3 Nxe3 39. Qxe3 d4 40. Qd2 Qd5 41. cxd4 exd4 42. Qd3 Bf6 43. Qxa3 Kg7 44. Qd3 Be5 45. Re2 Bf6 46. Kh2 Qc5 47. Kg2 Qc1 48. Rc2 Qa1 49. Rd2 Be5 50. Qe2 Bf6 51. Rd3 Qc1 52. Rf3 Qc6 53. Kh2 Qd6 54. a4 Bxh4 55. a5 Bd8 56. a6 Bb6 57.
Qc4 Qd7 58. Qb3 Qa7 59. Qd5 Bc5 60. Qb7 Bb6 61. Rxf7+ 1-0

[Event "Late-Titled-Tuesday-Blitz-April-30-2024"]
[Site "Chess.com"]
[Date "2024.04.30"]
[Round "1"]
[White "FoggyMorning"]
[Black "alexrustemov"]
[Result "0-1"]
[WhiteElo "2482"]
[BlackElo "2906"]
[TimeControl "180+1"]
[EndTime "14:08:22 PDT"]
[Termination "alexrustemov won by resignation"]

1. e4 e6 2. d4 d5 3. Nc3 dxe4 4.
Nxe4 Bd7 5. Nf3 Bc6 6. Bd3 Nd7 7. Qe2 Ngf6 8. Neg5 Qe7 9. Bd2 h6 10. Ne4 Nxe4 11.
Bxe4 Bxe4 12. Qxe4 c6 13. O-O-O Nf6 14. Qe2 Qc7 15.
Kb1 Bd6 16. Rhe1 O-O-O 17. g3 Rhe8 18. c4 c5 19. Bc3 cxd4 20. Nxd4 a6 21. a3 Kb8 22.
Nb3 Qc6 23. Rc1 Bc7 24. Be5 Bxe5 25. Qxe5+ Qc7 26. Qe2 Rc8 27. c5 Qc6 28. Na5 Qb5 29. Qxb5 axb5 30. Nb3 Red8 31. Rcd1 Ka7 32. f3 b6 33.
cxb6+ Kxb6 34. Rxd8 Rxd8 35. Kc2 Nd5 36. Re4 Rc8+ 37.
Kd2 g5 38. Nd4 Rc4 39. Ne2 Rxe4 40. fxe4 Nf6 41. Nc3 Ng4 42. h4 Ne5 43. b3 gxh4 44.
gxh4 Nf3+ 45. Ke3 Nxh4 46. Kf4 Ng6+ 47. Kg4 Kc5 48. a4 b4 49. Ne2 Ne5+ 50. Kh5 Nd3 51. Kxh6 Nf2 52. e5 Nd3 53. Kg5 Nxe5 54. Kf6 Nc6 55.
Kxf7 e5 56. Ke6 Nd4+ 57. Kxe5 Nxe2 58. a5 Nc3 59. a6 Kb6 60. Kd4 Kxa6 61. Kc4 Ka5 62.
Kc5 Na2 63. Kc4 Nc1 0-1

[Event "Late-Titled-Tuesday-Blitz-April-30-2024"]
[Site "Chess.com"]
[Date "2024.04.30"]
[Round "1"]
[White "SandwichOSaumon"]
[Black "GlavkonVVS"]
[Result "0-1"]
[WhiteElo "2412"]
[BlackElo "2709"]
[TimeControl "180+1"]
[EndTime "14:08:27 PDT"]
[Termination "GlavkonVVS won by checkmate"]

1. e4 Nf6 2. Nc3 d5 3. exd5 Nxd5 4. Qf3 c6 5. Bc4 e6 6. d4 Be7 7. Nh3 O-O 8. Bd2 b5 9. Bd3 Nd7 10. Ne4 e5 11. Nhg5 h6 12. h4 exd4 13. O-O-O Ne5 14. Qg3 Nxd3+ 15. Qxd3 f5 16. Ng3 hxg5 17. hxg5 Bxg5 18.
Qxd4 Bxd2+ 19. Rxd2 Qf6 20. Qc5 Bd7 21. Nh5 Qh6 22. Ng3 Qe6 23. Re2 Qf7 24. Qd4 Qf6 25. Qc5 Rfe8 26. Rd2 f4 27. Nh5 Qe5 28. g3 f3 29. c4 bxc4 30. Qxc4 Qg5 31. Nf4 Be6 32. Rh5 Nxf4 33. Rxg5 Bxc4 34. gxf4 Bd5 35. b4 Re1+ 36. Kc2 Re2 37. b5 Rd8 38. Kc3 Rxd2 39. Kxd2 cxb5 40.
Ke3 a5 41. Kd4 Bxa2+ 42. Kc5 Bc4 43. f5 Kf7 44. Rg6 Bd3 45. Ra6 a4 46. Kb4 Rd5 47.
f6 gxf6 48. Ra7+ Kg6 49. Ra8 Bc4 50. Rg8+ Kf5 51. Rg3 Rd3 52. Rh3 Rb3+ 53. Kc5 a3 54. Rh1 a2 55. Rh5+ Kg6 56. Rh8 Rb1 57. Ra8 a1=Q 58.
Rc8 Qe5+ 59. Kc6 Rd1 60. Kb7 Rd7+ 61. Ka6 Qd6+ 62. Ka5 Qa3+ 63. Kb6 Rd6+ 64. Kc7 Re6 65. Rd8 Qe7+ 66. Rd7 Qc5+ 67. Kd8 Qb6+ 68. Rc7 Rd6+ 69. Ke8 Qxc7 70. Kf8 Rd8# 0-1

[Event "Late-Titled-Tuesday-Blitz-April-30-2024"]
[Site "Chess.com"]
[Date "2024.04.30"]
[Round "1"]
[White "albi1999"]
[Black "Andrii_Prydun"]
[Result "0-1"]
[WhiteElo "2643"]
[BlackElo "2375"]
[TimeControl "180+1"]
[EndTime "14:08:30 PDT"]
[Termination "Andrii_Prydun won by resignation"]

1. d4 Nf6 2. c4 e6 3. Nc3 d5 4. cxd5 Nxd5 5. Nf3 Be7 6. e4 Nxc3 7. bxc3 c5 8. Bd3 Nc6 9. O-O O-O 10. Be3 cxd4 11.
cxd4 b6 12. Rc1 Bb7 13. Qe2 Nb4 14. Rfd1 Nxd3 15. Qxd3 Bf6 16. Bf4 Rc8 17. Rxc8 Qxc8 18. Bd6 Re8 19. h4 Qc6 20. Be5 Qxe4 21. Qa3 Qg4 22. Bg3 Ra8 23. Rc1 h6 24. Rc7 Bxf3 25.
gxf3 Qxd4 26. Rxa7 Rd8 27. Ra8 Bxh4 28. Rxd8+ Qxd8 29. Bxh4 Qxh4 30. Qa8+ Kh7 31. Qb7 Qg5+ 32. Kf1 Qf6 33. Kg2 Qg5+ 34. Kf1 Qb5+ 35. Kg2 Kg6 36. Qe7 Qc6 37. Qb4 h5 38. Qf4 Qd5 39. Qc7 b5 40. Qb6 Qg5+ 41. Kf1 Qd5 42. Kg2 Qxa2 43.
Qxb5 Qd5 44. Qe2 Kh6 45. Qe3+ g5 46. Qc3 g4 47. Qc7 Qxf3+ 48. Kg1 h4 49. Qe7 Kh5 50.
Qf8 h3 51. Qh8+ Kg6 52. Qg8+ Kf6 53. Qd8+ Ke5 54. Qc7+ Kd4 55. Qb6+ Ke4 56. Qc6+ Ke5 57. Qc7+ Kf6 58. Qd8+ Kf5 59. Qa5+ e5 60. Kf1 Qd1+ 61. Qe1 Qxe1+ 62. Kxe1 h2 63. Ke2 h1=Q 64. f3 Qxf3+ 0-1

[Event "Late-Titled-Tuesday-Blitz-April-30-2024"]
[Site "Chess.com"]
[Date "2024.04.30"]
[Round "1"]
[White "JonasEilenberg"]
[Black "lluiss"]
[Result "0-1"]
[WhiteElo "2565"]
[BlackElo "2225"]
[TimeControl "180+1"]
[EndTime "14:08:30 PDT"]
[Termination "lluiss won by resignation"]

1. d4 Nf6 2. c4 g6 3. Nc3 d5 4. cxd5 Nxd5 5. e4 Nxc3 6. bxc3 Bg7 7. Bc4 O-O 8. Ne2 c5 9. O-O Nc6 10. Be3 cxd4 11. cxd4 Na5 12. Bd3 Nc6 13. Bc4 Na5 14. Bb5 a6 15. Bd3 Nc6 16. d5 Bxa1 17. Qxa1 f6 18.
Bc5 Ne5 19. Bc2 Qc7 20. Qc3 Bg4 21. f3 Rfc8 22. Bd4 Qxc3 23. Nxc3 Bd7 24. Bb3 Kg7 25.
f4 Nc4 26. e5 Nd2 27. Re1 Nxb3 28. axb3 Re8 29. Ne4 Bb5 30. d6 fxe5 31. fxe5 exd6 32. Nxd6 Re7 33. e6+ Kg8 34. Bf6 Rae8 35. Bxe7 Rxe7 36. Nc8 Re8 37. Nd6 Re7 38. Re5 Bc6 39. Kf2 Kf8 40. Nc8 Re8 41. e7+ Kf7 42. Nd6+ Kf6 43. Nxe8+ Kxe5 44. Nc7 Kd4 45. e8=Q Bxe8 46. Nxe8 Kc3 47. Nf6 b5 48.
Nxh7 Kxb3 49. Nf6 a5 50. Ne4 a4 51. Ke3 a3 52. Kd3 a2 53. Nd2+ Kb2 54. Ne4 a1=Q 55.
Ke3 Qg1+ 56. Kf3 Qxh2 57. Nf2 Qh5+ 58. Kg3 b4 59. Nd3+ Ka3 60. Nf4 Qg5+ 61. Kf3 b3 62. Nd3 Qf5+ 63. Ke2 Qxd3+ 64. Kxd3 Ka2 65. Ke3 b2 66. Kf4 b1=Q 67. Kg5 Qg1 68. Kxg6 Qxg2+ 69. Kf5 Kb3 0-1

[Event "Late-Titled-Tuesday-Blitz-April-30-2024"]
[Site "Chess.com"]
[Date "2024.04.30"]
[Round "1"]
[White "osielchesslover2011"]
[Black "Djager97"]
[Result "1-0"]
[WhiteElo "2215"]
[BlackElo "2562"]
[TimeControl "180+1"]
[EndTime "14:08:32 PDT"]
[Termination "osielchesslover2011 won on time"]

1. e4 e6 2. d4 d5 3. Nd2 c5 4. Ngf3 cxd4 5. exd5 Qxd5 6. Bc4 Qd6 7. O-O Nf6 8. Nb3 Nc6 9. Nbxd4 Nxd4 10. Nxd4 Be7 11. Nb5 Qc6 12. Qe2 O-O 13. Bf4 a6 14. Nd4 Qb6 15. Nb3 Bd7 16. Rad1 Bc6 17. Rfe1 Bd5 18.
Bxd5 Nxd5 19. Rxd5 exd5 20. Qxe7 h6 21. Qd6 Qxd6 22.
Bxd6 Rfe8 23. Rxe8+ Rxe8 24. Kf1 f6 25. Bf4 Kf7 26. Be3 h5 27. Ke2 g6 28. Kd3 Ke6 29. Nc5+ Kf5 30. Nxb7 Rb8 31. Nc5 Rxb2 32. a4 Rb4 33. c3 Rc4 34. a5 Ke5 35. Nxa6 Ra4 36. Nb4 Kd6 37. a6 f5 38. a7 g5 39. g3 h4 40. gxh4 f4 41. Bd4 gxh4 42. Ke2 Kc7 43. Nxd5+ Kb7 44. Nxf4 Ra1 45. Kf3 Rh1 46. h3 Rg1 47. Ng6 Rxg6 48. Ke3 Rg2 49. Kf3 Rg6 50. Kf4 Rg8 51. f3 Rg6 52. Kf5 Rg3 53.
f4 Rxh3 54. Kg4 Rh1 55. f5 h3 56. Kg3 Rf1 57. f6 Rf5 58. Kxh3 Rf4 59. Kg3 Rf5 60. Kg4 1-0

[Event "Late-Titled-Tuesday-Blitz-April-30-2024"]
[Site "Chess.com"]
[Date "2024.04.30"]
[Round "1"]
[White "zano2023"]
[Black "komogro"]
[Result "0-1"]
[WhiteElo "2135"]
[BlackElo "2558"]
[TimeControl "180+1"]
[EndTime "14:08:36 PDT"]
[Termination "komogro won on time"]

1. d4 Nf6 2. Nd2 d6 3. e4 g6 4. Ngf3 Bg7 5. Bd3 a6 6. O-O Nc6 7. c3 e6 8. Re1 Ne7 9. Nf1 Nd7 10.
Ng3 b6 11. Be3 Bb7 12. Qd2 h6 13. h3 Kf8 14. Nh2 Kg8 15. f4 f5 16. exf5 exf5 17.
Nf3 Bxf3 18. gxf3 Kh7 19. Kh2 Re8 20. Qc2 Nf6 21. c4 Qd7 22. Bf2 Nc6 23. a3 Ne7 24. Rad1 Kh8 25. d5 h5 26. Ne2 Bh6 27. Bh4 Nh7 28.
Qd2 c5 29. dxc6 Nxc6 30. b4 Kg8 31. Bc2 Ne5 32. Qd5+ Nf7 33. c5 bxc5 34. bxc5 Qb5 35. Nd4 Bxf4+ 36. Bg3 Bxg3+ 37. Kxg3 Qxc5 38. Bb3 Qxd5 39. Bxd5 Rac8 40. Rc1 Nf6 41. Be6 Rxc1 42. Rxc1 Re7 43.
Rc8+ Kg7 44. Bc4 Re3 45. Ne6+ Kh6 46. Rf8 Ne5 47. Rxf6 Nxc4 48. Nf4 Ne5 49. Nd5 Rxf3+ 50. Kg2 Rxa3 51. Ne7 Kg7 52. Rxd6 Kf7 53. Nd5 g5 54. Rf6+ Kg7 55. Rxf5 Ra2+ 56. Kf1 Ra1+ 57. Ke2 Ng6 58. Rxg5 Kh6 59. Rf5 Ra5 60. h4 Rxd5 61. Rxd5 Nf4+ 62. Kf3 Nxd5 0-1

[Event "Late-Titled-Tuesday-Blitz-April-30-2024"]
[Site "Chess.com"]
[Date "2024.04.30"]
[Round "1"]
[White "Njal28"]
[Black "dosto07"]
[Result "1-0"]
[WhiteElo "3090"]
[BlackElo "2521"]
[TimeControl "180+1"]
[EndTime "14:08:37 PDT"]
[Termination "Njal28 won by resignation"]

1. e4 e5 2. Nf3 Nc6 3. Nc3 Nf6 4. Bb5 Bb4 5. O-O O-O 6. d3 Bxc3 7. bxc3 d6 8. h3 Ne7 9. Ba4 Ng6 10. Re1 h6 11.
Bb3 Re8 12. a4 Nh7 13. a5 Nh4 14. Nxh4 Qxh4 15. Qf3 Be6 16. Ba4 Re7 17. Qg3 Qxg3 18. fxg3 Bd7 19. Bb3 Be6 20. c4 Nf6 21. g4 Nd7 22. c3 Ree8 23. Be3 Nc5 24. Bc2 b6 25. Ra3 Bd7 26. Rea1 Rac8 27. axb6 axb6 28. Ra7 Bc6 29. Bf2 f6 30. Kf1 Kf8 31. Ke2 Ke7 32. Rb1 Kf8 33.
Rba1 Ra8 34. Be3 Rec8 35. Kf3 Ke7 36. d4 Rxa7 37. Rxa7 exd4 38. cxd4 Nd7 39. Ke2 Kd8 40. h4 Ra8 41. Rxa8+ Bxa8 42. g5 hxg5 43. hxg5 Ke7 44. gxf6+ gxf6 45. g4 Bb7 46. Bf4 Ba6 47. Bd3 c5 48. d5 Ne5 49. Bxe5 dxe5 50. Kf3 Bc8 51. Kg3 Bd7 52. Kh4 Be8 53. g5 fxg5+ 54. Kxg5 Kd6 55. Kf6 Ba4 56. Kf7 Bd7 57. Be2 Ba4 58. Bd3 Bd7 59. Bc2 Bg4 60. Ke8 Be2 61. Bb3 Bd3 62. Kd8 Bxe4 63.
Kc8 b5 64. cxb5 Bd3 65. b6 e4 66. Kb7 e3 67. Ka7 e2 68. b7 e1=Q 69. b8=Q+ Kd7 70.
Ba4+ Ke7 71. Qe8+ Kf6 72. Qxe1 c4 73. d6 Bf5 74. Qe7+ Kg6 75. Be8+ Kh6 76. Qf6+ Kh7 77. Qxf5+ 1-0

[Event "Late-Titled-Tuesday-Blitz-April-30-2024"]
[Site "Chess.com"]
[Date "2024.04.30"]
[Round "1"]
[White "ArtemDyachuk"]
[Black "OppieZippy"]
[Result "1-0"]
[WhiteElo "2700"]
[BlackElo "2403"]
[TimeControl "180+1"]
[EndTime "14:08:37 PDT"]
[Termination "ArtemDyachuk won by resignation"]

1. e4 a6 2. d4 e6 3. Nf3 d5 4. Nbd2 Bd7 5. Bd3 Bb5 6. c4 dxc4 7. Nxc4 Nf6 8. O-O Be7 9. Re1 Nc6 10. a4 Bxc4 11.
Bxc4 O-O 12. h3 Na5 13. Ba2 c5 14. d5 exd5 15. e5 Nd7 16. Qxd5 Qc7 17. e6 Nf6 18.
exf7+ Kh8 19. Qf5 c4 20. Ng5 Qc5 21. Qxc5 Bxc5 22. Ne6 Bd6 23. Nxf8 Rxf8 24. Bd2 Nb3 25. Bxb3 cxb3 26. Bc3 Rxf7 27. Rad1 Bc7 28. Re6 h6 29.
Bxf6 gxf6 30. Rd3 Be5 31. Rxb3 Rd7 32. g3 Rd4 33. Rxb7 Rd8 34. Rxa6 Rd1+ 35. Kg2 Rd8 36.
Rba7 Rd2 37. Re7 Rd8 38. Rae6 Rd2 39. Rxe5 fxe5 40. Rxe5 Rxb2 41. a5 Kg7 42. g4 Ra2 43. Rf5 Kg6 44. Kg3 Ra3+ 45. f3 Ra1 46. h4 Ra4 47. h5+ Kg7 48. Rb5 Ra1 49. Rb7+ Kf6 50. Rb6+ Kg7 51. a6 Ra4 52. Rb7+ Kf6 53. a7 Kg5 54.
Rg7+ Kf6 55. Rg6+ Kf7 56. Rxh6 Kg7 57. Rg6+ Kh7 58. Re6 Rxa7 59. g5 Ra1 60. Kg4 Ra5 61. f4 Rb5 62. h6 Ra5 63. Re7+ Kg8 64. g6 Kf8 65. Re6 Ra1 66. g7+ Kf7 67. Re5 Rg1+ 68. Kf3 Rh1 69. Re7+ Kxe7 70. g8=Q Rf1+ 71. Ke2 Rh1 72.
Qg7+ Ke6 73. h7 Rh2+ 74. Kf3 Rh3+ 75. Ke4 Rh1 76. h8=Q Re1+ 77. Kf3 Rf1+ 78. Ke2 Rb1 79. Qe5+ Kd7 80. Qh7+ Kc6 81. Qc2+ Kb6 82. Qxb1+ Ka6 83. Qbb5+ Ka7 84. Qd4+ 1-0

[Event "Late-Titled-Tuesday-Blitz-April-30-2024"]
[Site "Chess.com"]
[Date "2024.04.30"]
[Round "1"]
[White "ViralduS"]
[Black "NovakRatko"]
[Result "0-1"]
[WhiteElo "2649"]
[BlackElo "2382"]
[TimeControl "180+1"]
[EndTime "14:08:38 PDT"]
[Termination "NovakRatko won on time"]

1. c4 c6 2. g3 d5 3. Qc2 e5 4.
Bg2 f5 5. d4 exd4 6. cxd5 cxd5 7. Nf3 Nc6 8. O-O Qb6 9. Nbd2 Be6 10. Nb3 Rc8 11. Qd1 Nf6 12. Nfxd4 Nxd4 13. Nxd4 Bc5 14.
Nxe6 Qxe6 15. Bg5 Ne4 16. Qa4+ Qc6 17. Qxc6+ bxc6 18. Bf4 g5 19. Be5 O-O 20. Rac1 Bb6 21. e3 Rfe8 22. Bxe4 fxe4 23. Bf6 h6 24. Rfd1 Kf7 25.
Bd4 c5 26. Bc3 Ke6 27. Kf1 Rf8 28. Ke2 Rf3 29. b4 Rcf8 30. Be1 cxb4 31. Rc6+ Ke5 32. Rxh6 d4 33. exd4+ Bxd4 34. Rh7 Rxf2+ 35. Bxf2 Rxf2+ 36. Ke1 Rxa2 37. Re7+ Kf6 38. Rxe4 Bc3+ 39. Kf1 Rxh2 40. g4 a5 41. Rd6+ Kf7 42. Rc4 Ke7 43. Rg6 Rd2 44. Rxg5 a4 45. Ra5 a3 46. Ra6 a2 47. Rc7+ Kd8 48.
Rb7 a1=Q+ 49. Rxa1 Bxa1 50. Rxb4 Ke7 51. Rc4 Ke6 52.
Ke1 Rh2 53. Kf1 Be5 54. g5 Kf5 55. g6 Kxg6 56. Rc8 Kf5 57. Re8 Ke4 58. Ke1 Kf4 59.
Kd1 Bd4 60. Kc1 Be5 61. Kd1 Ke4 62. Re7 Kd4 63. Re8 Bf4 64. Ke1 Be5 65. Kd1 Ke4 66.
Ke1 Ra2 67. Kd1 Kd5 68. Rd8+ Kc4 69. Ke1 Bd4 0-1

[Event "Late-Titled-Tuesday-Blitz-April-30-2024"]
[Site "Chess.com"]
[Date "2024.04.30"]
[Round "1"]
[White "VacheH009"]
[Black "youngdinousaur"]
[Result "1-0"]
[WhiteElo "2596"]
[BlackElo "2235"]
[TimeControl "180+1"]
[EndTime "14:08:38 PDT"]
[Termination "VacheH009 won on time"]

1. c4 Nf6 2. Nc3 e6 3. Nf3 d5 4.
e3 Be7 5. b3 O-O 6. Bb2 c5 7. cxd5 exd5 8. d4 Nc6 9. Be2 Be6 10.
O-O h6 11. Rc1 cxd4 12. Nxd4 Rc8 13. Nxc6 bxc6 14. Na4 Ne4 15. Bd3 Bf5 16. Bxe4 Bxe4 17. Qg4 Bf6 18. Bxf6 Qxf6 19. Nc5 Bf5 20. Qf4 g5 21.
Qd4 Kg7 22. Rfd1 Rfd8 23. b4 Rb8 24. Nb3 Rb6 25. a3 Rdb8 26. Qxf6+ Kxf6 27. Rc5 Ke5 28. Nd4 Bd7 29. Rdc1 Kd6 30. Ra5 R8b7 31. f3 Rc7 32.
Rcc5 Rcb7 33. g4 Rc7 34. Kf2 Rcb7 35. Kg3 Rc7 36. h4 Rcb7 37. h5 Rc7 38. Kf2 f6 39.
Rc3 Rcb7 40. Rac5 Ra6 41. Nc2 Rbb6 42. Nd4 Ra4 43. Rb3 Rba6 44. Rcc3 Rb6 45. Ke2 a5 46. bxa5 Rxb3 47. Rxb3 Rxa5 48. Rc3 c5 49. Nc2 Bb5+ 50.
Kd2 Ba4 51. Ne1 Rb5 52. Nd3 Rb1 53. Nxc5 Bc6 54. Nb3 Rf1 55. Nd4 Ba4 56. Ke2 Ra1 57. Kf2 Ra2+ 58. Kg3 Ke5 59. Nf5 Ke6 60. Nxh6 Bd7 61.
Nf5 Ke5 62. Nd4 Ra1 63. Rc7 Be6 64. Re7 Rg1+ 65. Kf2 1-0

[Event "Late-Titled-Tuesday-Blitz-April-30-2024"]
[Site "Chess.com"]
[Date "2024.04.30"]
[Round "1"]
[White "baki83"]
[Black "pedroholly22"]
[Result "1-0"]
[WhiteElo "2903"]
[BlackElo "2482"]
[TimeControl "180+1"]
[EndTime "14:08:43 PDT"]
[Termination "baki83 won by resignation"]

1. e4 c5 2. Nf3 Nc6 3. c3 Nf6 4. e5 Nd5 5. Bc4 e6 6. O-O d6 7. exd6 Bxd6 8. Re1 O-O 9. d4 cxd4 10. Nxd4 Nxd4 11. Qxd4 Nf6 12. Bg5 Be7 13. Be3 Qxd4 14.
Bxd4 b6 15. a4 Bd7 16. Nd2 Bc6 17. Bb5 Rfc8 18. Ba6 Rd8 19. Nc4 Nd7 20. Bb5 Rdc8 21. Ba6 Rd8 22. Bb5 Rdc8 23. Ne5 Nxe5 24. Bxe5 Bxb5 25.
axb5 Rc5 26. b4 Rxb5 27. Ra6 Bf6 28. Bxf6 gxf6 29. Rea1 Rc8 30. R6a3 Rd5 31. Kf1 Rd3 32. Rc1 Rc7 33. Ke2 Rd5 34. Rc2 Kg7 35. Ra6 Re5+ 36. Kf1 Rb5 37. Ra4 a5 38. bxa5 bxa5 39. g3 f5 40. Ke2 Rbc5 41. c4 Kf6 42. Kd3 Re5 43. Rca2 Rec5 44. Rb2 Rd7+ 45. Kc3 Rdc7 46. Kd3 Rd7+ 47.
Kc3 Rdc7 48. Kd4 e5+ 49. Kd3 Rd7+ 50. Kc3 e4 51. Rb5 Rdc7 52. Rxc5 Rxc5 53. Kd4 Re5 54. Ra3 Ke6 55. Rb3 Kd6 56. Rb6+ Kc7 57. Ra6 Re6 58. Rxa5 Rh6 59. Rxf5 Rxh2 60. Rxf7+ Kc6 61. Rf6+ Kc7 62. Kxe4 h5 63. Ke3 h4 64. gxh4 Rxh4 65. f4 Rh1 66. Kd4 Rd1+ 67. Kc5 Ra1 68. Rf7+ Kc8 69. Kd5 Rd1+ 70.
Kc6 Kd8 71. c5 Ra1 72. Rf5 Ra6+ 73. Kb7 Ra1 74. Rd5+ Ke7 75. Kc7 Ra7+ 76. Kb8 Ra1 77. c6 Rb1+ 78. Kc8 Ke6 79. Rd2 Rh1 80. c7 Rb1 81. Kd8 1-0

[Event "Late-Titled-Tuesday-Blitz-April-30-2024"]
[Site "Chess.com"]
[Date "2024.04.30"]
[Round "1"]
[White "WPWPWP-2015"]
[Black "Byniolus"]
[Result "1/2-1/2"]
[WhiteElo "2473"]
[BlackElo "2829"]
[TimeControl "180+1"]
[EndTime "14:08:46 PDT"]
[Termination "Game drawn - insufficient material"]

1. e4 d5 2. exd5 Nf6 3. Nf3 Nxd5 4. g3 Bf5 5. Bg2 e6 6. O-O c6 7. Re1 Be7 8. d3 h6 9. Nbd2 O-O 10. a3 Nd7 11. Ne4 Re8 12. h3 a5 13. Kh2 a4 14.
Bd2 Qb6 15. Rb1 Red8 16. Qe2 Qa6 17. c4 N5f6 18. Bc3 Bh7 19. Rbd1 Nxe4 20. dxe4 Nb6 21. Nd2 Rd7 22. Bf1 Qa7 23. h4 Rad8 24. Qg4 Bf8 25. c5 Nc8 26. Nc4 Qxc5 27. Kg1 Rxd1 28. Rxd1 Rxd1 29.
Qxd1 Qe7 30. e5 Qc7 31. Qxa4 Be4 32. Qa8 Bd5 33. Ba5 b6 34. Bc3 g6 35. Ne3 Bf3 36. Bg2 Bxg2 37. Kxg2 Kg7 38. Qa6 Ne7 39. Bb4 c5 40. Bc3 Nc6 41. Nc4 Nd4 42. Qa8 Qe7 43. Qe4 Qc7 44. Bxd4 cxd4 45. Qxd4 b5 46. Nd2 Bc5 47. Qe4 Qb6 48. Qf3 b4 49. axb4 Bxb4 50. Ne4 Qc7 51. Qf6+ Kg8 52. Qf4 Bf8 53. Nf6+ Kh8 54.
h5 Bg7 55. hxg6 fxg6 56. Qe4 Bxf6 57. exf6 Kh7 58. Qf3 Qf7 59. Qf4 h5 60. g4 Qb7+ 61. f3 Kg8 62. Qg5 Qxb2+ 63. Kg3 Kf7 64. Qh6 Qxf6 65.
gxh5 gxh5 66. Qxh5+ Qg6+ 67. Qxg6+ Kxg6 68. Kg4 Kf6 69.
Kf4 e5+ 70. Ke4 Ke6 71. f4 exf4 72. Kxf4 1/2-1/2

[Event "Late-Titled-Tuesday-Blitz-April-30-2024"]
[Site "Chess.com"]
[Date "2024.04.30"]
[Round "1"]
[White "H3nriqueTV"]
[Black "Kotlyar_K"]
[Result "1-0"]
[WhiteElo "2437"]
[BlackElo "2719"]
[TimeControl "180+1"]
[EndTime "14:08:47 PDT"]
[Termination "H3nriqueTV won on time"]

1. e4 e5 2. Nf3 Nc6 3. Bb5 a6 4. Ba4 Nf6 5. O-O Be7 6. h3 b5 7.
Bb3 O-O 8. d3 Bb7 9. c3 d6 10.
Nbd2 Na5 11. Bc2 c5 12. Re1 g6 13. Nf1 Re8 14. Ng3 Bf8 15. Bg5 h6 16. Be3 d5 17. exd5 Nxd5 18. Bc1 Bg7 19. Ne4 Rc8 20. a4 b4 21. Bb3 f5 22. Ng3 Kh7 23. Bd2 Nxb3 24. Qxb3 a5 25. Rad1 Ba6 26. c4 Nc7 27. Qc2 Bb7 28. Nh2 Qd6 29. b3 Ne6 30. Be3 f4 31.
Ne4 Qf8 32. Bc1 Nd4 33. Qb1 f3 34. Nxf3 Nxf3+ 35. gxf3 Qxf3 36. Qc2 Qxh3 37. Qe2 Rcd8 38. Qe3 Qg4+ 39. Qg3 Qf5 40. Re3 Bxe4 41. Rxe4 Qxe4 42. dxe4 Rxd1+ 43. Kg2 Rxc1 44. Qe3 Rd1 45. Qxc5 Red8 46.
Qxa5 R1d3 47. c5 Rc8 48. Qxb4 Rd1 49. Qb5 Rc1 50. b4 h5 51. a5 Kh6 52. a6 Ra1 53. Qb7 Rf8 54. c6 Ra4 55. Qb6 Ra3 56. c7 Ra2 57. Qc5 Kh7 58. Qxf8 Bxf8 59. c8=Q Bxb4 60.
Qb7+ Kh6 61. Qxb4 Rxa6 62. Qf8+ Kh7 63. Qf7+ Kh6 64. Qg8 Kg5 65. Qh8 Re6 66. Qd8+ Kh6 67. Kg3 g5 68. Qf8+ Kg6 69. Qf5+ 1-0